Islanders vs Devils
Created - October 24, 2024 at 20:35
Goals
|
| Islanders |
1 |
1 |
1 |
3 |
| Devils |
1 |
1 |
2 |
4 |
|
Shots
|
| Islanders |
11 |
15 |
7 |
33 |
| Devils |
4 |
8 |
20 |
32 |
|
1st period
1. Devils , Logan Shaw 1 (Jonathan Huberdeau 2, Brayden Point 2) at 1:47
2. Islanders , Nikita Zadorov 1 (Vladimir Tarasenko 1, Ryan Ellis 3) at 8:18
Penalties :
No Penalty
2nd period
3. Devils , Damon Severson 1 (Nail Yakupov 1, Tyler Ennis 3) at 2:51 (PP)
4. Islanders , Ryan Ellis 1 (Brock McGinn 1, Brayden Schenn 2) at 13:31 (PP)
Penalties :
Brayden Schenn (NyI) for Holding (Minor) at 2:39, Brayden Schenn (NyI) for Holding (Minor) at 3:06, Jamie Arniel (NyI) for High sticking (Minor) at 7:30, Logan Shaw (N.J) for Slashing (Minor) at 13:28, Tyler Ennis (N.J) for Hooking (Minor) at 17:21
3rd period
5. Islanders , Nikita Zadorov 2 (Ryan Ellis 4) at 0:55
6. Devils , Nick Palmieri 2 (Tyler Ennis 4, Nazem Kadri 1) at 12:24
7. Devils , Brandon Carlo 1 (Brayden Point 3) at 13:03
Penalties :
Yann Sauvé (NyI) for Slashing (Minor) at 9:03, Garnet Hathaway (NyI) for High sticking (Minor) at 16:25
Goalie Stats
Joonas Korpisalo (NyI), 28 saves from 32 shots - (0.875), L, 0-1-0, 58:53 minutes
Jonathan Quick (N.J), 30 saves from 33 shots - (0.909), W, 3-0-0, 60:00 minutes
Players Stats for Islanders
Player Name G A P +/- PIM S H SB GA TA FO MP PP MP PK MP
------------------------------------------------------------------------------------
Adam Fox 0 0 0 -1 0 1 1 0 2 0 0/0 13:27 0:00 0:51
Brandon Sutter 0 0 0 -2 0 1 2 0 2 0 6/15 18:14 1:11 3:55
Brayden Schenn 0 1 1 0 4 7 3 0 1 1 20/31 23:15 0:28 3:08
Brian Ferlin 0 0 0 0 0 2 2 0 2 0 0/0 7:22 0:23 0:00
Brock McGinn 0 1 1 0 0 2 2 1 1 0 0/1 24:09 0:27 4:16
Dylan McIlrath 0 0 0 -1 0 3 1 1 0 1 0/0 19:40 0:44 3:28
Emerson Etem 0 0 0 1 0 0 0 0 0 0 0/0 12:33 0:23 2:05
Gabriel Carlsson 0 0 0 -1 0 1 0 3 0 0 0/0 12:51 0:00 0:00
Garnet Hathaway 0 0 0 -2 2 0 0 0 0 0 0/0 14:16 1:11 0:00
Jamie Arniel 0 0 0 0 2 0 1 0 0 0 1/1 7:57 0:00 0:54
Jason Akeson 0 0 0 1 0 1 3 0 0 0 1/1 10:02 0:00 0:00
Kellan Lain 0 0 0 -2 0 2 4 3 0 3 1/1 16:06 1:11 1:47
Michael Latta 0 0 0 1 0 1 1 0 1 0 3/9 10:49 0:24 0:11
Nikita Zadorov 2 0 2 1 0 4 0 1 0 1 0/0 27:29 1:18 4:40
Ryan Ellis 1 2 3 1 0 2 2 0 2 1 0/0 27:29 1:18 4:40
Sergei Plotnikov 0 0 0 0 0 0 0 0 0 0 0/0 6:59 0:00 0:00
Vladimir Tarasenko 0 1 1 0 0 6 0 1 1 0 1/2 20:05 0:28 0:00
Yann Sauvé 0 0 0 -1 2 0 0 1 0 0 0/0 19:04 0:44 2:37
Players Stats for Devils
Player Name G A P +/- PIM S H SB GA TA FO MP PP MP PK MP
------------------------------------------------------------------------------------
Anton Lander 0 0 0 -1 0 3 0 0 0 1 2/6 8:52 0:00 1:12
Brandon Carlo 1 0 1 0 0 3 0 1 0 1 0/0 20:59 0:00 1:16
Brayden Point 0 2 2 2 0 0 3 2 0 1 7/11 17:20 3:37 0:00
Damon Severson 1 0 1 -1 0 1 1 0 0 0 0/0 18:11 4:01 0:00
Eric Tangradi 0 0 0 -1 0 0 0 0 0 0 0/0 8:19 0:00 0:13
Jonathan Huberdeau 0 1 1 2 0 5 3 1 0 1 1/3 17:20 3:37 0:00
Kristopher Letang 0 0 0 -1 0 1 0 0 0 0 0/0 18:49 4:01 0:00
Logan Shaw 1 0 1 2 2 4 0 0 1 0 0/1 14:33 0:00 0:37
Matt Donovan 0 0 0 2 0 0 1 0 0 1 0/0 20:50 4:07 0:46
Michael Del Zotto 0 0 0 0 0 1 4 3 0 2 0/0 25:40 4:07 1:16
Nail Yakupov 0 1 1 -1 0 1 0 1 2 1 0/0 11:50 4:31 0:00
Nazem Kadri 0 1 1 1 0 1 1 1 2 0 16/33 20:57 4:31 0:00
Nick Palmieri 1 0 1 1 0 3 2 0 1 1 0/0 17:35 0:00 1:12
Ondrej Kase 0 0 0 -1 0 0 3 0 0 0 0/1 12:38 0:00 0:13
Sean Monahan 0 0 0 -1 0 0 0 0 1 1 2/4 15:57 3:37 0:37
Sven Baertschi 0 0 0 -1 0 1 0 0 0 0 0/0 11:35 0:00 0:00
Thomas Hickey 0 0 0 2 0 0 1 2 0 2 0/0 15:31 0:00 0:46
Tyler Ennis 0 2 2 1 2 8 1 1 0 0 0/2 21:00 4:31 0:00
3 Stars
1 - Ryan Ellis (NyI)
2 - Nikita Zadorov (NyI)
3 - Brayden Point (N.J)
Power Play
Islanders - 1 on 2 Attempt(s) - 50.00%
Devils - 1 on 5 Attempt(s) - 20.00%
Penalty Kill
Islanders - 4 on 5 Attempt(s) - 80.00%
- Score 0 goal in Penalty Kill
Devils - 1 on 2 Attempt(s) - 50.00%
- Score 0 goal in Penalty Kill
Team Stat
Islanders - Hits : 22 - Faceoff Wins : 33 - Blocked Shots : 11 - Penalty Minutes : 10
Devils - Hits : 20 - Faceoff Wins : 28 - Blocked Shots : 12 - Penalty Minutes : 4
Official
Referees : Garrett Rank and Dean Morton
Linesman : Shandor Alphonso and Derek Amell
Game Notes
No Game Note
Finance
Level 1 -- Attendance: 5319 (88.65%) -- Ticket Income $531,900
Level 2 -- Attendance: 4515 (90.30%) -- Ticket Income $316,050
Level 3 -- Attendance: 1909 (95.45%) -- Ticket Income $76,360
Level 4 -- Attendance: 4000 (100.00%) -- Ticket Income $120,000
Luxury Box -- Attendance: 914 (91.40%) -- Ticket Income $182,800
Game was played at the Prudential Center.
Total Attendance: 16657 (92.54%)
Total Ticket Income: $1,227,110
Other Income: $184,066
Total Income: $1,411,176
Islanders
5 vs 5 Forward
Center Left Wing Right Wing Time % Phy DF OF
1 Brayden Schenn Brock McGinn Vladimir Tarasenko 40 1 2 2
2 Brandon Sutter Kellan Lain Garnet Hathaway 30 1 2 2
3 Michael Latta Emerson Etem Jason Akeson 20 1 2 2
4 Jamie Arniel Sergei Plotnikov Brian Ferlin 10 1 2 2
5 vs 5 Defense
Defense Defense Time % Phy DF OF
1 Ryan Ellis Nikita Zadorov 40 1 2 2
2 Yann Sauvé Dylan McIlrath 30 1 2 2
3 Adam Fox Gabriel Carlsson 20 1 2 2
4 Ryan Ellis Nikita Zadorov 10 1 2 2
PowerPlay Forward
Center Left Wing Right Wing Time % Phy DF OF
1 Brayden Schenn Brock McGinn Vladimir Tarasenko 60 1 2 2
2 Brandon Sutter Kellan Lain Garnet Hathaway 40 1 2 2
PowerPlay Defense
Defense Defense Time % Phy DF OF
1 Ryan Ellis Nikita Zadorov 60 1 2 2
2 Yann Sauvé Dylan McIlrath 40 1 2 2
Penalty Kill 4 Players Forward
Center Wing Time % Phy DF OF
1 Brayden Schenn Brock McGinn 60 1 2 2
2 Brandon Sutter Kellan Lain 40 1 2 2
Penalty Kill 4 Players Defense
Defense Defense Time % Phy DF OF
1 Ryan Ellis Nikita Zadorov 60 1 2 2
2 Yann Sauvé Dylan McIlrath 40 1 2 2
Penalty Kill - 3 Players Forward
Forward Time % Phy DF OF
1 Brayden Schenn 60 1 2 2
2 Brandon Sutter 40 1 2 2
Penalty Kill - 3 Players Defense
Defense Defense Time % Phy DF OF
1 Ryan Ellis Nikita Zadorov 60 1 2 2
2 Yann Sauvé Dylan McIlrath 40 1 2 2
4 vs 4 Forward
Center Wing Time % Phy DF OF
1 Brayden Schenn Brock McGinn 60 1 2 2
2 Brandon Sutter Kellan Lain 40 1 2 2
4 vs 4 Defense
Defense Defense Time % Phy DF OF
1 Ryan Ellis Nikita Zadorov 60 1 2 2
2 Yann Sauvé Dylan McIlrath 40 1 2 2
Last Minutes Offensive
Center Left Wing Right Wing Defense Defense
Brayden Schenn Brock McGinn Vladimir Tarasenko Ryan Ellis Nikita Zadorov
Last Minutes Defensive
Center Left Wing Right Wing Defense Defense
Brayden Schenn Brock McGinn Vladimir Tarasenko Ryan Ellis Nikita Zadorov
Goaltenders
Starting : Joonas Korpisalo
Backup : Tyler Weiman
Extra Forwards
Normal : Brandon Sutter, Michael Latta, Garnet Hathaway - PP : Brandon Sutter, Michael Latta - PK : Brandon Sutter
Extra Defensemen
Normal : Dylan McIlrath, Adam Fox, Gabriel Carlsson - PP : Dylan McIlrath - PK : Dylan McIlrath, Adam Fox
Penalty Shots
Vladimir Tarasenko, Brayden Schenn, Brock McGinn, Kellan Lain, Brandon Sutter
Custom OT Lines Forwards
Vladimir Tarasenko, Brayden Schenn, Brock McGinn, Kellan Lain, Brandon Sutter, Michael Latta, Garnet Hathaway, Jason Akeson, Emerson Etem, Jamie Arniel
Custom OT Lines Defensemen
Ryan Ellis, Nikita Zadorov, Yann Sauvé, Dylan McIlrath, Adam Fox
Scratches
Jordan Greenway (Healthy)
Devils
5 vs 5 Forward
Center Left Wing Right Wing Time % Phy DF OF
1 Nazem Kadri Tyler Ennis Nick Palmieri 35 0 2 3
2 Brayden Point Jonathan Huberdeau Logan Shaw 30 0 2 3
3 Sean Monahan Sven Baertschi Ondrej Kase 25 0 2 3
4 Anton Lander Eric Tangradi Nail Yakupov 10 0 2 3
5 vs 5 Defense
Defense Defense Time % Phy DF OF
1 Brandon Carlo Michael Del Zotto 38 1 3 1
2 Matt Donovan Thomas Hickey 32 1 3 1
3 Damon Severson Kristopher Letang 30 1 3 1
4 Brandon Carlo Michael Del Zotto 0 1 3 1
PowerPlay Forward
Center Left Wing Right Wing Time % Phy DF OF
1 Nazem Kadri Tyler Ennis Nail Yakupov 55 0 0 5
2 Brayden Point Jonathan Huberdeau Sean Monahan 45 0 0 5
PowerPlay Defense
Defense Defense Time % Phy DF OF
1 Kristopher Letang Damon Severson 55 0 2 3
2 Michael Del Zotto Matt Donovan 45 0 2 3
Penalty Kill 4 Players Forward
Center Wing Time % Phy DF OF
1 Anton Lander Nick Palmieri 60 1 3 1
2 Sean Monahan Logan Shaw 40 1 3 1
Penalty Kill 4 Players Defense
Defense Defense Time % Phy DF OF
1 Brandon Carlo Michael Del Zotto 60 1 4 0
2 Thomas Hickey Matt Donovan 40 1 4 0
Penalty Kill - 3 Players Forward
Forward Time % Phy DF OF
1 Nazem Kadri 60 0 4 1
2 Brayden Point 40 0 4 1
Penalty Kill - 3 Players Defense
Defense Defense Time % Phy DF OF
1 Brandon Carlo Michael Del Zotto 60 1 4 0
2 Thomas Hickey Matt Donovan 40 1 4 0
4 vs 4 Forward
Center Wing Time % Phy DF OF
1 Nazem Kadri Tyler Ennis 60 0 2 3
2 Brayden Point Jonathan Huberdeau 40 0 2 3
4 vs 4 Defense
Defense Defense Time % Phy DF OF
1 Brandon Carlo Michael Del Zotto 60 0 3 2
2 Kristopher Letang Damon Severson 40 0 3 2
Last Minutes Offensive
Center Left Wing Right Wing Defense Defense
Nazem Kadri Tyler Ennis Brayden Point Michael Del Zotto Kristopher Letang
Last Minutes Defensive
Center Left Wing Right Wing Defense Defense
Nazem Kadri Tyler Ennis Nick Palmieri Brandon Carlo Michael Del Zotto
Goaltenders
Starting : Jonathan Quick
Backup : Thomas McCollum
Extra Forwards
Normal : Sean Monahan, Ondrej Kase, Logan Shaw - PP : Nick Palmieri, Ondrej Kase - PK : Ondrej Kase
Extra Defensemen
Normal : Kristopher Letang, Matt Donovan, Damon Severson - PP : Matt Donovan - PK : Kristopher Letang, Brandon Carlo
Penalty Shots
Tyler Ennis, Nazem Kadri, Sean Monahan, Brayden Point, Jonathan Huberdeau
Custom OT Lines Forwards
Tyler Ennis, Nazem Kadri, Jonathan Huberdeau, Brayden Point, Sean Monahan, Nick Palmieri, Logan Shaw, Nail Yakupov, Ondrej Kase, Sven Baertschi
Custom OT Lines Defensemen
Brandon Carlo, Michael Del Zotto, Kristopher Letang, Matt Donovan, Thomas Hickey
Scratches
Darren Dietz (Healthy)
% Time on Ice - Islanders
Lines # - Real PCT - Wanted PCT - Time Play
Normal Forward
1 - 38% - 40% - 18:31
2 - 27% - 30% - 13:05
3 - 21% - 20% - 10:02
4 - 14% - 10% - 6:59
Normal Defense
1 - 39% - 40% - 18:55
2 - 32% - 30% - 15:28
3 - 24% - 20% - 11:37
4 - 5% - 10% - 2:37
PP Forward
1 - 23% - 60% - 0:28
2 - 77% - 40% - 1:34
PP Defense
1 - 64% - 60% - 1:18
2 - 36% - 40% - 0:44
PK Forward
1 - 80% - 60% - 6:32
2 - 20% - 40% - 1:36
PK Defense
1 - 57% - 60% - 4:40
2 - 43% - 40% - 3:28
PK3 Forward
1 - 0% - 60%
2 - 0% - 40%
PK3 Defense
1 - 0% - 60%
2 - 0% - 40%
44 Forward
1 - 0% - 60%
2 - 0% - 40%
44 Defense
1 - 0% - 60%
2 - 0% - 40%
Last Minute Offensive - 1:13
Last Minute Defensive - 0:00
Total
Forward - 60:00
Defense - 60:00
|
% Time on Ice - Devils
Lines # - Real PCT - Wanted PCT - Time Play
Normal Forward
1 - 31% - 35% - 15:18
2 - 29% - 30% - 14:05
3 - 24% - 25% - 11:35
4 - 16% - 10% - 7:40
Normal Defense
1 - 37% - 38% - 17:55
2 - 32% - 32% - 15:23
3 - 29% - 30% - 13:58
4 - 3% - 0% - 1:22
PP Forward
1 - 56% - 55% - 4:31
2 - 44% - 45% - 3:37
PP Defense
1 - 49% - 55% - 4:01
2 - 51% - 45% - 4:07
PK Forward
1 - 70% - 60% - 1:25
2 - 30% - 40% - 0:37
PK Defense
1 - 62% - 60% - 1:16
2 - 38% - 40% - 0:46
PK3 Forward
1 - 0% - 60%
2 - 0% - 40%
PK3 Defense
1 - 0% - 60%
2 - 0% - 40%
44 Forward
1 - 0% - 60%
2 - 0% - 40%
44 Defense
1 - 0% - 60%
2 - 0% - 40%
Last Minute Offensive - 0:00
Last Minute Defensive - 1:12
Total
Forward - 60:00
Defense - 60:00
|
Play-by-Play
1st period
0:01 of 1st period - Brayden Schenn wins face-off versus Nazem Kadri in neutral zone.
0:17 of 1st period - Slapshot by Brayden Schenn.
0:17 of 1st period - Shot Misses the Net.
0:27 of 1st period - Nick Palmieri is hit by Michael Latta and loses puck.
0:42 of 1st period - Yann Sauvé is hit by Nick Palmieri and loses puck.
1:09 of 1st period - Wrist shot by Tyler Ennis.
1:09 of 1st period - Stopped by Joonas Korpisalo with a rebound.
1:11 of 1st period - Snap shot by Brandon Carlo.
1:11 of 1st period - Shot Blocked by Dylan McIlrath.
1:33 of 1st period - Snap shot by Michael Latta.
1:33 of 1st period - Shot Blocked by Michael Del Zotto.
1:41 of 1st period - Snap shot by Nick Palmieri.
1:41 of 1st period - Stopped by Joonas Korpisalo without a rebound.
1:42 of 1st period - Brayden Point wins face-off versus Brandon Sutter in Islanders zone.
1:47 of 1st period - Wrist shot by Logan Shaw.
1:47 of 1st period - Goal by Logan Shaw - Islanders : 0 - Devils : 1.
1:48 of 1st period - Brandon Sutter wins face-off versus Ondrej Kase in neutral zone.
2:05 of 1st period - Slapshot by Sean Monahan.
2:05 of 1st period - Shot Misses the Net.
2:17 of 1st period - Kristopher Letang is hit by Brock McGinn and loses puck.
3:00 of 1st period - Slapshot by Brandon Sutter.
3:00 of 1st period - Shot Misses the Net.
3:55 of 1st period - Kellan Lain is hit by Brayden Point and loses puck.
4:12 of 1st period - Snap shot by Brian Ferlin.
4:12 of 1st period - Stopped by Jonathan Quick with a rebound.
4:32 of 1st period - Anton Lander is hit by Brock McGinn and loses puck.
5:13 of 1st period - Snap shot by Jamie Arniel.
5:13 of 1st period - Shot Misses the Net.
6:05 of 1st period - Logan Shaw is hit by Ryan Ellis and loses puck.
6:19 of 1st period - Icing by Brandon Sutter.
6:20 of 1st period - Sean Monahan wins face-off versus Brandon Sutter in Islanders zone.
6:59 of 1st period - Snap shot by Vladimir Tarasenko.
6:59 of 1st period - Shot Misses the Net.
7:23 of 1st period - Michael Del Zotto is hit by Brayden Schenn.
7:33 of 1st period - Wrist shot by Vladimir Tarasenko.
7:33 of 1st period - Shot Misses the Net.
7:35 of 1st period - Backhand shot by Brayden Schenn.
7:35 of 1st period - Shot Misses the Net.
7:57 of 1st period - Wrist shot by Brock McGinn.
7:57 of 1st period - Shot Misses the Net.
7:59 of 1st period - Slapshot by Nikita Zadorov.
7:59 of 1st period - Shot Misses the Net.
8:16 of 1st period - Snap shot by Vladimir Tarasenko.
8:16 of 1st period - Stopped by Jonathan Quick with a rebound.
8:18 of 1st period - Slapshot by Nikita Zadorov.
8:18 of 1st period - Goal by Nikita Zadorov - Islanders : 1 - Devils : 1.
8:19 of 1st period - Brandon Sutter wins face-off versus Nazem Kadri in neutral zone.
9:30 of 1st period - Nick Palmieri is hit by Brandon Sutter and loses puck.
9:43 of 1st period - Michael Del Zotto is hit by Brian Ferlin and loses puck.
9:58 of 1st period - Thomas Hickey is hit by Dylan McIlrath and loses puck.
10:25 of 1st period - Vladimir Tarasenko is hit by Matt Donovan and loses puck.
10:32 of 1st period - Snap shot by Eric Tangradi.
10:32 of 1st period - Shot Misses the Net.
11:52 of 1st period - Nikita Zadorov is hit by Ondrej Kase and loses puck.
12:34 of 1st period - Brandon Sutter is hit by Nazem Kadri and loses puck.
12:41 of 1st period - Slapshot by Kellan Lain.
12:41 of 1st period - Shot Misses the Net.
12:43 of 1st period - Wrist shot by Brandon Sutter.
12:43 of 1st period - Shot Misses the Net.
13:04 of 1st period - Wrist shot by Tyler Ennis.
13:04 of 1st period - Stopped by Joonas Korpisalo without a rebound.
13:05 of 1st period - Brayden Point wins face-off versus Brayden Schenn in Islanders zone.
13:16 of 1st period - Slapshot by Jonathan Huberdeau.
13:16 of 1st period - Shot Misses the Net.
13:32 of 1st period - Kellan Lain is hit by Thomas Hickey and loses puck.
13:41 of 1st period - Eric Tangradi is hit by Kellan Lain and loses puck.
14:05 of 1st period - Kellan Lain is hit by Michael Del Zotto.
14:09 of 1st period - Sven Baertschi is hit by Kellan Lain and loses puck.
14:14 of 1st period - Wrist shot by Garnet Hathaway.
14:14 of 1st period - Shot Misses the Net.
14:47 of 1st period - Snap shot by Sean Monahan.
14:47 of 1st period - Shot Misses the Net.
14:59 of 1st period - Sven Baertschi is hit by Kellan Lain and loses puck.
15:06 of 1st period - Backhand shot by Kellan Lain.
15:06 of 1st period - Deflect By Brandon Sutter.
15:06 of 1st period - Stopped by Jonathan Quick without a rebound.
15:07 of 1st period - Brayden Schenn wins face-off versus Nazem Kadri in Devils zone.
15:08 of 1st period - Slapshot by Brock McGinn.
15:08 of 1st period - Shot Misses the Net.
15:57 of 1st period - Snap shot by Brayden Schenn.
15:57 of 1st period - Shot Blocked by Thomas Hickey.
15:59 of 1st period - Snap shot by Brayden Schenn.
15:59 of 1st period - Shot Misses the Net.
16:01 of 1st period - Wrist shot by Ryan Ellis.
16:01 of 1st period - Stopped by Jonathan Quick without a rebound.
16:02 of 1st period - Michael Latta wins face-off versus Nazem Kadri in Devils zone.
16:07 of 1st period - Wrist shot by Michael Latta.
16:07 of 1st period - Stopped by Jonathan Quick without a rebound.
16:08 of 1st period - Nazem Kadri wins face-off versus Michael Latta in Devils zone.
17:16 of 1st period - Snap shot by Sean Monahan.
17:16 of 1st period - Deflect By Sven Baertschi.
17:16 of 1st period - Shot Misses the Net.
17:16 of 1st period - Puck is out of play.
17:17 of 1st period - Sean Monahan wins face-off versus Michael Latta in Islanders zone.
17:18 of 1st period - Slapshot by Sven Baertschi.
17:18 of 1st period - Shot Blocked by Gabriel Carlsson.
17:49 of 1st period - Michael Del Zotto is hit by Brayden Schenn.
18:03 of 1st period - Snap shot by Garnet Hathaway.
18:03 of 1st period - Shot Misses the Net.
18:05 of 1st period - Wrist shot by Garnet Hathaway.
18:05 of 1st period - Deflect By Kellan Lain.
18:05 of 1st period - Stopped by Jonathan Quick without a rebound.
18:06 of 1st period - Brandon Sutter wins face-off versus Nazem Kadri in Devils zone.
18:11 of 1st period - Slapshot by Garnet Hathaway.
18:11 of 1st period - Shot Misses the Net.
18:38 of 1st period - Snap shot by Brayden Schenn.
18:38 of 1st period - Stopped by Jonathan Quick with a rebound.
18:42 of 1st period - Snap shot by Brayden Schenn.
18:42 of 1st period - Stopped by Jonathan Quick with a rebound.
18:44 of 1st period - Snap shot by Brayden Schenn.
18:44 of 1st period - Stopped by Jonathan Quick without a rebound.
18:45 of 1st period - Michael Latta wins face-off versus Logan Shaw in Devils zone.
18:48 of 1st period - Slapshot by Jason Akeson.
18:48 of 1st period - Stopped by Jonathan Quick without a rebound.
18:49 of 1st period - Brayden Point wins face-off versus Michael Latta in Devils zone.
Goals for this period are 1 for Islanders vs 1 for Devils.
Shots for this period are 11 for Islanders vs 4 for Devils.
2nd period
0:01 of 2nd period - Nazem Kadri wins face-off versus Brayden Schenn in neutral zone.
0:04 of 2nd period - Ryan Ellis is hit by Nick Palmieri and loses puck.
0:35 of 2nd period - Snap shot by Michael Latta.
0:35 of 2nd period - Shot Misses the Net.
0:37 of 2nd period - Wrist shot by Michael Latta.
0:37 of 2nd period - Shot Blocked by Tyler Ennis.
0:39 of 2nd period - Snap shot by Emerson Etem.
0:39 of 2nd period - Shot Misses the Net.
0:55 of 2nd period - Snap shot by Logan Shaw.
0:55 of 2nd period - Stopped by Joonas Korpisalo with a rebound.
0:57 of 2nd period - Snap shot by Brayden Point.
0:57 of 2nd period - Shot Misses the Net.
0:59 of 2nd period - Slapshot by Logan Shaw.
0:59 of 2nd period - Shot Blocked by Kellan Lain.
1:31 of 2nd period - Slapshot by Adam Fox.
1:31 of 2nd period - Stopped by Jonathan Quick with a rebound.
1:33 of 2nd period - Wrist shot by Vladimir Tarasenko.
1:33 of 2nd period - Stopped by Jonathan Quick with a rebound.
1:35 of 2nd period - Slapshot by Gabriel Carlsson.
1:35 of 2nd period - Stopped by Jonathan Quick with a rebound.
1:41 of 2nd period - Snap shot by Brock McGinn.
1:41 of 2nd period - Stopped by Jonathan Quick with a rebound.
1:54 of 2nd period - Off-side.
1:55 of 2nd period - Brayden Point wins face-off versus Michael Latta in neutral zone.
2:39 of 2nd period - Minor Penalty to Brayden Schenn for Holding.
2:40 of 2nd period - Nazem Kadri wins face-off versus Brandon Sutter in Islanders zone.
2:49 of 2nd period - Slapshot by Nail Yakupov.
2:49 of 2nd period - Shot Misses the Net.
2:51 of 2nd period - Slapshot by Damon Severson.
2:51 of 2nd period - Goal by Damon Severson - Islanders : 1 - Devils : 2.
2:52 of 2nd period - Nazem Kadri wins face-off versus Brayden Schenn in neutral zone.
3:06 of 2nd period - Minor Penalty to Brayden Schenn for Holding.
3:07 of 2nd period - Nazem Kadri wins face-off versus Brandon Sutter in Islanders zone.
5:06 of 2nd period - Penalty to Brayden Schenn is over, Brayden Schenn is back on ice.
5:20 of 2nd period - Slapshot by Brayden Schenn.
5:20 of 2nd period - Stopped by Jonathan Quick without a rebound.
5:21 of 2nd period - Brayden Schenn wins face-off versus Jonathan Huberdeau in Devils zone.
5:30 of 2nd period - Snap shot by Brayden Schenn.
5:30 of 2nd period - Stopped by Jonathan Quick with a rebound.
5:32 of 2nd period - Snap shot by Dylan McIlrath.
5:32 of 2nd period - Stopped by Jonathan Quick without a rebound.
5:33 of 2nd period - Brandon Sutter wins face-off versus Sean Monahan in Devils zone.
5:36 of 2nd period - Snap shot by Brandon Sutter.
5:36 of 2nd period - Shot Misses the Net.
5:38 of 2nd period - Slapshot by Dylan McIlrath.
5:38 of 2nd period - Stopped by Jonathan Quick with a rebound.
6:00 of 2nd period - Yann Sauvé is hit by Brayden Point and loses puck.
6:07 of 2nd period - Slapshot by Jonathan Huberdeau.
6:07 of 2nd period - Stopped by Joonas Korpisalo without a rebound.
6:08 of 2nd period - Nazem Kadri wins face-off versus Brayden Schenn in Islanders zone.
6:13 of 2nd period - Wrist shot by Nick Palmieri.
6:13 of 2nd period - Stopped by Joonas Korpisalo without a rebound.
6:14 of 2nd period - Brayden Schenn wins face-off versus Nazem Kadri in Islanders zone.
6:48 of 2nd period - Brandon Carlo is hit by Ryan Ellis.
7:04 of 2nd period - Snap shot by Michael Del Zotto.
7:04 of 2nd period - Shot Misses the Net.
7:06 of 2nd period - Snap shot by Sean Monahan.
7:06 of 2nd period - Shot Misses the Net.
7:30 of 2nd period - Minor Penalty to Jamie Arniel for High sticking.
7:31 of 2nd period - Brayden Schenn wins face-off versus Nazem Kadri in Islanders zone.
7:46 of 2nd period - Slapshot by Brock McGinn.
7:46 of 2nd period - Shot Misses the Net.
7:48 of 2nd period - Slapshot by Ryan Ellis.
7:48 of 2nd period - Shot Blocked by Nail Yakupov.
8:06 of 2nd period - Wrist shot by Sean Monahan.
8:06 of 2nd period - Shot Misses the Net.
9:04 of 2nd period - Ryan Ellis is hit by Jonathan Huberdeau and loses puck.
9:30 of 2nd period - Penalty to Jamie Arniel is over, Jamie Arniel is back on ice.
9:47 of 2nd period - Eric Tangradi is hit by Jamie Arniel and loses puck.
10:27 of 2nd period - Wrist shot by Kellan Lain.
10:27 of 2nd period - Stopped by Jonathan Quick with a rebound.
10:59 of 2nd period - Slapshot by Adam Fox.
10:59 of 2nd period - Shot Misses the Net.
11:11 of 2nd period - Brayden Point is hit by Brandon Sutter.
11:15 of 2nd period - Logan Shaw is hit by Kellan Lain and loses puck.
13:11 of 2nd period - Slapshot by Brian Ferlin.
13:11 of 2nd period - Stopped by Jonathan Quick without a rebound.
13:12 of 2nd period - Brayden Schenn wins face-off versus Brayden Point in Devils zone.
13:17 of 2nd period - Slapshot by Brock McGinn.
13:17 of 2nd period - Deflect By Vladimir Tarasenko.
13:17 of 2nd period - Shot Blocked by Brayden Point.
13:17 of 2nd period - Puck is out of play.
13:18 of 2nd period - Brayden Schenn wins face-off versus Brayden Point in Devils zone.
13:28 of 2nd period - Minor Penalty to Logan Shaw for Slashing.
13:29 of 2nd period - Brayden Schenn wins face-off versus Anton Lander in Devils zone.
13:31 of 2nd period - Slapshot by Ryan Ellis.
13:31 of 2nd period - Deflect By Nick Palmieri.
13:31 of 2nd period - Goal by Ryan Ellis - Islanders : 2 - Devils : 2.
13:32 of 2nd period - Brayden Schenn wins face-off versus Nazem Kadri in neutral zone.
13:41 of 2nd period - Slapshot by Vladimir Tarasenko.
13:41 of 2nd period - Stopped by Jonathan Quick with a rebound.
14:08 of 2nd period - Slapshot by Jonathan Huberdeau.
14:08 of 2nd period - Shot Misses the Net.
14:10 of 2nd period - Snap shot by Brandon Carlo.
14:10 of 2nd period - Deflect By Jonathan Huberdeau.
14:10 of 2nd period - Stopped by Joonas Korpisalo with a rebound.
14:49 of 2nd period - Wrist shot by Tyler Ennis.
14:49 of 2nd period - Stopped by Joonas Korpisalo with a rebound.
14:57 of 2nd period - Kristopher Letang is hit by Brian Ferlin and loses puck.
15:20 of 2nd period - Wrist shot by Jonathan Huberdeau.
15:20 of 2nd period - Shot Misses the Net.
15:32 of 2nd period - Snap shot by Anton Lander.
15:32 of 2nd period - Stopped by Joonas Korpisalo with a rebound.
15:34 of 2nd period - Snap shot by Nail Yakupov.
15:34 of 2nd period - Shot Blocked by Gabriel Carlsson.
16:10 of 2nd period - Wrist shot by Brock McGinn.
16:10 of 2nd period - Deflect By Brayden Schenn.
16:10 of 2nd period - Stopped by Jonathan Quick with a rebound.
16:12 of 2nd period - Snap shot by Adam Fox.
16:12 of 2nd period - Shot Misses the Net.
17:03 of 2nd period - Wrist shot by Brayden Schenn.
17:03 of 2nd period - Stopped by Jonathan Quick with a rebound.
17:05 of 2nd period - Snap shot by Brayden Schenn.
17:05 of 2nd period - Deflect By Brock McGinn.
17:05 of 2nd period - Shot Misses the Net.
17:05 of 2nd period - Puck is out of play.
17:06 of 2nd period - Nazem Kadri wins face-off versus Brandon Sutter in Devils zone.
17:13 of 2nd period - Slapshot by Tyler Ennis.
17:13 of 2nd period - Stopped by Joonas Korpisalo without a rebound.
17:14 of 2nd period - Brandon Sutter wins face-off versus Nazem Kadri in Islanders zone.
17:19 of 2nd period - Slapshot by Nikita Zadorov.
17:19 of 2nd period - Stopped by Jonathan Quick with a rebound.
17:21 of 2nd period - Minor Penalty to Tyler Ennis for Hooking.
17:22 of 2nd period - Brandon Sutter wins face-off versus Anton Lander in Devils zone.
17:29 of 2nd period - Snap shot by Brandon Sutter.
17:29 of 2nd period - Shot Blocked by Brandon Carlo.
18:18 of 2nd period - Icing by Michael Latta.
18:19 of 2nd period - Anton Lander wins face-off versus Michael Latta in Islanders zone.
18:45 of 2nd period - Brayden Schenn is hit by Michael Del Zotto and loses puck.
19:21 of 2nd period - Penalty to Tyler Ennis is over, Tyler Ennis is back on ice.
19:34 of 2nd period - Yann Sauvé is hit by Jonathan Huberdeau and loses puck.
19:41 of 2nd period - Jonathan Huberdeau is hit by Jason Akeson.
Goals for this period are 1 for Islanders vs 1 for Devils.
Shots for this period are 15 for Islanders vs 8 for Devils.
3rd period
0:01 of 3rd period - Nazem Kadri wins face-off versus Brayden Schenn in neutral zone.
0:08 of 3rd period - Slapshot by Tyler Ennis.
0:08 of 3rd period - Stopped by Joonas Korpisalo with a rebound.
0:16 of 3rd period - Wrist shot by Brayden Schenn.
0:16 of 3rd period - Shot Blocked by Nazem Kadri.
0:26 of 3rd period - Garnet Hathaway is hit by Michael Del Zotto and loses puck.
0:37 of 3rd period - Snap shot by Logan Shaw.
0:37 of 3rd period - Shot Misses the Net.
0:47 of 3rd period - Ryan Ellis is hit by Ondrej Kase.
0:55 of 3rd period - Wrist shot by Nikita Zadorov.
0:55 of 3rd period - Goal by Nikita Zadorov - Islanders : 3 - Devils : 2.
0:56 of 3rd period - Brayden Schenn wins face-off versus Tyler Ennis in neutral zone.
1:05 of 3rd period - Backhand shot by Dylan McIlrath.
1:05 of 3rd period - Stopped by Jonathan Quick with a rebound.
1:07 of 3rd period - Wrist shot by Brock McGinn.
1:07 of 3rd period - Shot Misses the Net.
1:09 of 3rd period - Slapshot by Vladimir Tarasenko.
1:09 of 3rd period - Shot Misses the Net.
1:11 of 3rd period - Slapshot by Yann Sauvé.
1:11 of 3rd period - Shot Blocked by Michael Del Zotto.
1:13 of 3rd period - Wrist shot by Dylan McIlrath.
1:13 of 3rd period - Shot Blocked by Michael Del Zotto.
1:46 of 3rd period - Anton Lander is hit by Jason Akeson and loses puck.
2:43 of 3rd period - Slapshot by Adam Fox.
2:43 of 3rd period - Deflect By Brock McGinn.
2:43 of 3rd period - Shot Misses the Net.
2:43 of 3rd period - Puck is out of play.
2:44 of 3rd period - Jonathan Huberdeau wins face-off versus Brayden Schenn in Devils zone.
3:33 of 3rd period - Snap shot by Brock McGinn.
3:33 of 3rd period - Stopped by Jonathan Quick without a rebound.
3:34 of 3rd period - Kellan Lain wins face-off versus Nazem Kadri in Devils zone.
4:05 of 3rd period - Ondrej Kase is hit by Adam Fox and loses puck.
4:12 of 3rd period - Wrist shot by Ondrej Kase.
4:12 of 3rd period - Shot Blocked by Gabriel Carlsson.
4:14 of 3rd period - Wrist shot by Sven Baertschi.
4:14 of 3rd period - Stopped by Joonas Korpisalo without a rebound.
4:15 of 3rd period - Anton Lander wins face-off versus Michael Latta in Islanders zone.
4:22 of 3rd period - Backhand shot by Nail Yakupov.
4:22 of 3rd period - Stopped by Joonas Korpisalo with a rebound.
4:24 of 3rd period - Wrist shot by Michael Del Zotto.
4:24 of 3rd period - Stopped by Joonas Korpisalo without a rebound.
4:25 of 3rd period - Jason Akeson wins face-off versus Anton Lander in Islanders zone.
4:39 of 3rd period - Snap shot by Anton Lander.
4:39 of 3rd period - Stopped by Joonas Korpisalo without a rebound.
4:40 of 3rd period - Nazem Kadri wins face-off versus Brayden Schenn in Islanders zone.
4:45 of 3rd period - Wrist shot by Tyler Ennis.
4:45 of 3rd period - Shot Misses the Net.
4:47 of 3rd period - Slapshot by Brandon Carlo.
4:47 of 3rd period - Stopped by Joonas Korpisalo without a rebound.
4:48 of 3rd period - Brayden Schenn wins face-off versus Nazem Kadri in Islanders zone.
4:54 of 3rd period - Snap shot by Tyler Ennis.
4:54 of 3rd period - Shot Blocked by Brock McGinn.
4:56 of 3rd period - Slapshot by Michael Del Zotto.
4:56 of 3rd period - Deflect By Nick Palmieri.
4:56 of 3rd period - Shot Misses the Net.
4:56 of 3rd period - Puck is out of play.
4:57 of 3rd period - Brayden Schenn wins face-off versus Nazem Kadri in Islanders zone.
5:24 of 3rd period - Ryan Ellis is hit by Michael Del Zotto and loses puck.
5:32 of 3rd period - Wrist shot by Jonathan Huberdeau.
5:32 of 3rd period - Stopped by Joonas Korpisalo without a rebound.
5:33 of 3rd period - Brayden Schenn wins face-off versus Jonathan Huberdeau in Islanders zone.
6:08 of 3rd period - Snap shot by Nick Palmieri.
6:08 of 3rd period - Shot Misses the Net.
6:10 of 3rd period - Wrist shot by Tyler Ennis.
6:10 of 3rd period - Stopped by Joonas Korpisalo without a rebound.
6:11 of 3rd period - Brayden Schenn wins face-off versus Brayden Point in Islanders zone.
6:20 of 3rd period - Snap shot by Vladimir Tarasenko.
6:20 of 3rd period - Shot Misses the Net.
6:26 of 3rd period - Snap shot by Brayden Schenn.
6:26 of 3rd period - Shot Misses the Net.
6:28 of 3rd period - Snap shot by Vladimir Tarasenko.
6:28 of 3rd period - Shot Blocked by Brayden Point.
6:38 of 3rd period - Ryan Ellis is hit by Tyler Ennis and loses puck.
7:43 of 3rd period - Snap shot by Kellan Lain.
7:43 of 3rd period - Shot Blocked by Jonathan Huberdeau.
7:55 of 3rd period - Brock McGinn is hit by Damon Severson and loses puck.
8:02 of 3rd period - Wrist shot by Vladimir Tarasenko.
8:02 of 3rd period - Stopped by Jonathan Quick with a rebound.
8:56 of 3rd period - Snap shot by Jonathan Huberdeau.
8:56 of 3rd period - Stopped by Joonas Korpisalo with a rebound.
8:58 of 3rd period - Slapshot by Kristopher Letang.
8:58 of 3rd period - Stopped by Joonas Korpisalo with a rebound.
9:00 of 3rd period - Slapshot by Kristopher Letang.
9:00 of 3rd period - Deflect By Logan Shaw.
9:00 of 3rd period - Stopped by Joonas Korpisalo without a rebound.
9:01 of 3rd period - Brayden Schenn wins face-off versus Tyler Ennis in Islanders zone.
9:03 of 3rd period - Minor Penalty to Yann Sauvé for Slashing.
9:04 of 3rd period - Brayden Schenn wins face-off versus Nazem Kadri in Islanders zone.
9:14 of 3rd period - Snap shot by Tyler Ennis.
9:14 of 3rd period - Stopped by Joonas Korpisalo with a rebound.
9:16 of 3rd period - Snap shot by Tyler Ennis.
9:16 of 3rd period - Stopped by Joonas Korpisalo without a rebound.
9:17 of 3rd period - Brayden Schenn wins face-off versus Nazem Kadri in Islanders zone.
9:24 of 3rd period - Nail Yakupov is hit by Brayden Schenn and loses puck.
9:31 of 3rd period - Slapshot by Michael Del Zotto.
9:31 of 3rd period - Shot Blocked by Nikita Zadorov.
10:36 of 3rd period - Icing by Nail Yakupov.
10:37 of 3rd period - Nazem Kadri wins face-off versus Brandon Sutter in Devils zone.
11:03 of 3rd period - Penalty to Yann Sauvé is over, Yann Sauvé is back on ice.
11:13 of 3rd period - Icing by Brian Ferlin.
11:14 of 3rd period - Michael Latta wins face-off versus Anton Lander in Islanders zone.
11:27 of 3rd period - Snap shot by Anton Lander.
11:27 of 3rd period - Stopped by Joonas Korpisalo without a rebound.
11:28 of 3rd period - Brayden Schenn wins face-off versus Nazem Kadri in Islanders zone.
11:36 of 3rd period - Icing by Thomas Hickey.
11:37 of 3rd period - Nazem Kadri wins face-off versus Brayden Schenn in Devils zone.
11:56 of 3rd period - Wrist shot by Tyler Ennis.
11:56 of 3rd period - Shot Misses the Net.
11:58 of 3rd period - Snap shot by Nazem Kadri.
11:58 of 3rd period - Stopped by Joonas Korpisalo without a rebound.
11:59 of 3rd period - Brayden Point wins face-off versus Brandon Sutter in Islanders zone.
12:00 of 3rd period - Snap shot by Jonathan Huberdeau.
12:00 of 3rd period - Shot Blocked by Kellan Lain.
12:02 of 3rd period - Wrist shot by Jonathan Huberdeau.
12:02 of 3rd period - Deflect By Garnet Hathaway.
12:02 of 3rd period - Shot Misses the Net.
12:02 of 3rd period - Puck is out of play.
12:03 of 3rd period - Brayden Point wins face-off versus Brandon Sutter in Islanders zone.
12:04 of 3rd period - Wrist shot by Logan Shaw.
12:04 of 3rd period - Stopped by Joonas Korpisalo with a rebound.
12:08 of 3rd period - Snap shot by Jonathan Huberdeau.
12:08 of 3rd period - Shot Blocked by Kellan Lain.
12:10 of 3rd period - Slapshot by Brandon Carlo.
12:10 of 3rd period - Deflect By Jonathan Huberdeau.
12:10 of 3rd period - Shot Misses the Net.
12:10 of 3rd period - Puck is out of play.
12:11 of 3rd period - Nazem Kadri wins face-off versus Brayden Schenn in Islanders zone.
12:12 of 3rd period - Wrist shot by Tyler Ennis.
12:12 of 3rd period - Shot Misses the Net.
12:14 of 3rd period - Snap shot by Thomas Hickey.
12:14 of 3rd period - Shot Misses the Net.
12:16 of 3rd period - Slapshot by Thomas Hickey.
12:16 of 3rd period - Deflect By Tyler Ennis.
12:16 of 3rd period - Shot Blocked by Vladimir Tarasenko.
12:16 of 3rd period - Puck is out of play.
12:17 of 3rd period - Nazem Kadri wins face-off versus Brock McGinn in Islanders zone.
12:24 of 3rd period - Slapshot by Nick Palmieri.
12:24 of 3rd period - Goal by Nick Palmieri - Islanders : 3 - Devils : 3.
12:25 of 3rd period - Brayden Schenn wins face-off versus Nazem Kadri in neutral zone.
12:41 of 3rd period - Wrist shot by Brayden Schenn.
12:41 of 3rd period - Shot Misses the Net.
13:03 of 3rd period - Snap shot by Brandon Carlo.
13:03 of 3rd period - Goal by Brandon Carlo - Islanders : 3 - Devils : 4.
13:04 of 3rd period - Vladimir Tarasenko wins face-off versus Nazem Kadri in neutral zone.
13:16 of 3rd period - Wrist shot by Nazem Kadri.
13:16 of 3rd period - Shot Misses the Net.
13:36 of 3rd period - Slapshot by Ryan Ellis.
13:36 of 3rd period - Shot Blocked by Thomas Hickey.
13:38 of 3rd period - Slapshot by Nikita Zadorov.
13:38 of 3rd period - Stopped by Jonathan Quick without a rebound.
13:39 of 3rd period - Brayden Point wins face-off versus Brayden Schenn in Devils zone.
13:46 of 3rd period - Wrist shot by Jonathan Huberdeau.
13:46 of 3rd period - Stopped by Joonas Korpisalo without a rebound.
13:47 of 3rd period - Brayden Schenn wins face-off versus Brayden Point in Islanders zone.
13:47 of 3rd period - Brayden Schenn is hit by Jonathan Huberdeau.
14:05 of 3rd period - Snap shot by Vladimir Tarasenko.
14:05 of 3rd period - Stopped by Jonathan Quick with a rebound.
14:11 of 3rd period - Brock McGinn is hit by Brayden Point and loses puck.
14:20 of 3rd period - Wrist shot by Brayden Point.
14:20 of 3rd period - Shot Misses the Net.
14:22 of 3rd period - Slapshot by Michael Del Zotto.
14:22 of 3rd period - Shot Misses the Net.
14:24 of 3rd period - Wrist shot by Jonathan Huberdeau.
14:24 of 3rd period - Shot Blocked by Yann Sauvé.
14:26 of 3rd period - Slapshot by Brandon Carlo.
14:26 of 3rd period - Stopped by Joonas Korpisalo without a rebound.
14:27 of 3rd period - Nazem Kadri wins face-off versus Brandon Sutter in Islanders zone.
14:40 of 3rd period - Slapshot by Nazem Kadri.
14:40 of 3rd period - Shot Misses the Net.
14:52 of 3rd period - Matt Donovan is hit by Jason Akeson and loses puck.
15:06 of 3rd period - Icing by Tyler Ennis.
15:07 of 3rd period - Jamie Arniel wins face-off versus Sean Monahan in Devils zone.
16:25 of 3rd period - Minor Penalty to Garnet Hathaway for High sticking.
16:26 of 3rd period - Nazem Kadri wins face-off versus Brayden Schenn in Islanders zone.
18:25 of 3rd period - Penalty to Garnet Hathaway is over, Garnet Hathaway is back on ice.
18:36 of 3rd period - Yann Sauvé is hit by Ondrej Kase and loses puck.
18:53 of 3rd period - Islanders, Joonas Korpisalo is pulled from the net.
19:19 of 3rd period - Slapshot by Vladimir Tarasenko.
19:19 of 3rd period - Shot Misses the Net.
19:21 of 3rd period - Snap shot by Vladimir Tarasenko.
19:21 of 3rd period - Stopped by Jonathan Quick without a rebound.
19:22 of 3rd period - Jacques Martin call a timeout for Islanders.
19:22 of 3rd period - Nazem Kadri wins face-off versus Vladimir Tarasenko in Devils zone.
19:33 of 3rd period - Snap shot by Nazem Kadri.
19:33 of 3rd period - Shot Misses the Net.
Goals for this period are 1 for Islanders vs 2 for Devils.
Shots for this period are 7 for Islanders vs 20 for Devils.